 Dungeon Crawl Stone Soup version 0.27-a0-1196-g3e9cee4cb2 (console) character file.

Game seed: 16623652502154853244

2495 Hector the Cleaver (level 9, -10/55 HPs)
             Began as a Gargoyle Abyssal Knight on May 28, 2021.
             Was a Priest of Lugonu.
             Mangled by PejaSLU's ghost (11 damage)
             ... on level 7 of the Dungeon.
             The game lasted 00:24:00 (7659 turns).

Hector the Cleaver (Gargoyle Abyssal Knight)        Turns: 7659, Time: 00:24:00

Health: -10/55     AC: 11    Str: 19    XL:     9   Next: 52%
Magic:  13/13      EV: 12    Int: 13    God:    Lugonu [***...]
Gold:   242        SH:  0    Dex:  9    Spells: 8/8 levels left

rFire    . . .     SeeInvis .   a - +3 war axe
rCold    + . .     Faith    .   (no shield)
rNeg     + . .     Spirit   .   c - +0 leather armour {rC+}
rPois    ∞         Reflect  .   h - +0 hat {Stlth+}
rElec    +         Harm     .   (no cloak)
rCorr    .         Rampage  .   g - +0 pair of gloves
Will     .....                  (no boots)
Stlth    ++........             (no amulet)
HPRegen  0.18/turn              (no ring)
MPRegen  0.13/turn              (no ring)

@: on berserk cooldown, slowed, very slow
A: sickness immunity, AC +6, negative energy resistance 1, electricity
resistance, torment resistance 1, petrification resistance
a: Renounce Religion, Depart the Abyss, Bend Space, Banish


You were on level 7 of the Dungeon.
You worshipped Lugonu.
Lugonu was most pleased with you.
You visited 1 branch of the dungeon, and saw 7 of its levels.
You visited the Abyss 1 time.

You collected 317 gold pieces.
You spent 75 gold pieces at shops.

Inventory:

Hand Weapons
 a - a +3 war axe (weapon)
 e - a +0 spear
 j - a +0 war axe
 k - a +0 whip of venom
 l - a +1 hand axe
 y - a +0 trident
Missiles
 d - 184 stones (quivered)
 i - 2 atropa-tipped darts
Armour
 b - a +0 leather armour
 c - a +0 leather armour of cold resistance (worn)
 g - a +0 pair of gloves (worn)
 h - a +0 hat of stealth (worn)
 n - a +0 scale mail
 s - a +0 chain mail
Wands
 w - a wand of charming (9)
Scrolls
 f - a scroll of amnesia {unknown}
 m - a scroll of noise {unknown}
 o - a scroll of brand weapon {unknown}
 p - a scroll of enchant weapon {unknown}
 q - a scroll of enchant armour {unknown}
 r - a scroll of immolation
 u - a scroll of summoning {unknown}
 x - a scroll of acquirement {unknown}
 B - 2 scrolls of blinking {unknown}
 C - a scroll of teleportation
Potions
 t - 2 potions of brilliance {unknown}
 z - a potion of heal wounds
 A - 2 potions of curing {unknown}


   Skills:
 + Level 5.7 Fighting
 * Level 9.0 Axes
 + Level 4.0 Armour
 + Level 3.1 Dodging
 * Level 5.4 Invocations


You had 8 spell levels left.
You didn't know any spells.
Your spell library contained the following spells:

 Spells                   Type           Power      Damage    Failure   Level
 Corona                   Hex            0%         N/A       34%         1
 Foxfire                  Conj/Fire      0%         2x1d4     34%         1
 Freeze                   Ice            0%         1d3       34%         1
 Ensorcelled Hibernation  Hex/Ice        0%         N/A       47%         2
 Confusing Touch          Hex            0%         N/A       71%         3
 Dazzling Flash           Conj/Hex       0%         N/A       71%         3
 Frozen Ramparts          Ice            0%         1d2       71%         3
 Ozocubu's Armour         Ice            0%         N/A       71%         3
 Tukima's Dance           Hex            0%         N/A       71%         3
 Cause Fear               Hex            0%         N/A       98%         4
 Hailstorm                Conj/Ice       0%         3d3       98%         4
 Metabolic Englaciation   Hex/Ice        0%         N/A       100%        5
 Dragon Form              Tmut           0%         N/A       100%        7
 Dragon's Call            Summ           0%         N/A       100%        9


Dungeon Overview and Level Annotations

Branches:
Dungeon (7/15)             Temple (0/1) D:7

Altars:
Cheibriados
Elyvilon
Okawaru
Ru
Sif Muna
Uskayaw
Wu Jian
Xom

Shops:
D:7 ?

Annotations:
D:6 2 runed translucent doors
D:7 PejaSLU's ghost, novice MiBe


Innate Abilities, Weirdness & Mutations

You are immune to sickness and miasma.
Your stone body is resilient. (AC +6)
You are immune to poison.
You resist negative energy. (rN+)
You are resistant to electric shocks. (rElec)
You are resistant to unholy torment.
You are immune to petrification.


Message History

Lugonu accepts your kill.
Your Axes skill increases to level 9!
Your Armour skill increases to level 4!
You barely miss PejaSLU's ghost. PejaSLU's ghost hits you!
* * * LOW HITPOINT WARNING * * *
You barely miss PejaSLU's ghost.
You hit PejaSLU's ghost but do no damage.
PejaSLU's ghost whispers, "It is all a dream - a grotesque and foolish dream."
PejaSLU's ghost barely misses you.
You hit PejaSLU's ghost.
PejaSLU's ghost is lightly damaged.
PejaSLU's ghost barely misses you.
You slash PejaSLU's ghost!
PejaSLU's ghost is lightly damaged.
You slice PejaSLU's ghost!!
PejaSLU's ghost is moderately damaged.
PejaSLU's ghost hits you!
* * * LOW HITPOINT WARNING * * *
You slice PejaSLU's ghost!!
PejaSLU's ghost is heavily damaged.
PejaSLU's ghost hits you but does no damage.
You closely miss PejaSLU's ghost.
PejaSLU's ghost is heavily damaged.
You miss PejaSLU's ghost.
PejaSLU's ghost is heavily damaged.
PejaSLU's ghost hits you!
* * * LOW HITPOINT WARNING * * *
Unknown command.
Okay, then.
Unknown command.
Unknown command.
Unknown command.
You closely miss PejaSLU's ghost.
PejaSLU's ghost is heavily damaged.
PejaSLU's ghost closely misses you.
You closely miss PejaSLU's ghost.
PejaSLU's ghost is heavily damaged.
You are no longer berserk.
You are exhausted.
You feel yourself slow down. PejaSLU's ghost hits you!
You die...

######### ###
###.......# ##.##
..#.#####.###.#.##
#.#.#####.##.###.#####
#.#.........###.@....#
.....####.##.###W###.#
#.#.#####.###.#.[.##.#
#.#.......# ###$?.##.#
..######### #...##.#
..# ####### #######.#
..# #.....# #.......#
### #.....# ####.####
# #...<.# #.#


You could see PejaSLU's ghost.

Vanquished Creatures
  A manticore (D:7)
  Sigmund (D:3)
  2 water moccasins
  An ice beast (D:4)
  3 black bears
  3 sky beasts (D:5)
  2 centaurs
  A wyvern zombie (D:7)
  2 bullfrogs
  4 wights
  A howler monkey (D:7)
  2 jellies
  2 bullfrog skeletons
  2 hounds (D:4)
  An orc priest (D:6)
  A gnoll shaman (D:6)
  4 iguanas
  2 orc wizards (D:6)
  2 killer bee zombies (D:6)
  2 adders
  4 gnolls
  A howler monkey skeleton (D:4)
  A white imp (D:3)
  An ufetubus (D:6)
  3 adder skeletons (D:4)
  2 worms
  7 orcs
  5 bats
  6 endoplasms
  3 giant cockroaches
  7 goblins
  8 hobgoblins
  7 jackals
  5 quokkas
  9 ball pythons
  A frilled lizard (D:3)
  12 kobolds
  A rat (D:1)
122 creatures vanquished.

Notes
Turn   | Place    | Note
-------+----------+-------------------------------------------
     0 | Abyss:1  | Hector the Gargoyle Abyssal Knight began the quest for the
                  | Orb.
     0 | Abyss:1  | Reached XP level 1. HP: 14/14 MP: 2/2
     1 | Abyss:1  | Found a corrupted altar of Lugonu.
   131 | Abyss:1  | Noticed an ice dragon skeleton
   132 | D:1      | Escaped the Abyss
   273 | D:1      | Reached * piety under Lugonu
   274 | D:1      | Reached skill level 2 in Axes
   590 | D:1      | Reached XP level 2. HP: 19/19 MP: 3/3
   992 | D:1      | Reached skill level 1 in Dodging
  1018 | D:1      | Found a faded altar of an unknown god.
  1070 | D:1      | Reached XP level 3. HP: 23/23 MP: 4/4
  1986 | D:2      | Reached ** piety under Lugonu
  2346 | D:2      | Reached XP level 4. HP: 29/29 MP: 5/5
  2639 | D:3      | Reached skill level 3 in Axes
  2802 | D:3      | Noticed Sigmund
  2823 | D:3      | Killed Sigmund
  2824 | D:3      | Reached skill level 4 in Axes
  2824 | D:3      | Reached XP level 5. HP: 33/33 MP: 5/7
  2889 | D:3      | Reached XP level 6. HP: 37/38 MP: 8/8
  3510 | D:4      | Found a white marble altar of Elyvilon.
  3679 | D:4      | Found a shimmering altar of Xom.
  3736 | D:4      | Noticed an ice beast
  3812 | D:4      | Killed an ice beast
  3812 | D:4      | Reached *** piety under Lugonu
  3813 | D:4      | Reached skill level 5 in Axes
  3813 | D:4      | Reached XP level 7. HP: 41/43 MP: 9/9
  3890 | D:4      | Found an iron altar of Okawaru.
  4199 | D:4      | Found a hide-covered altar of Uskayaw.
  4248 | D:5      | Entered Level 5 of the Dungeon
  4369 | D:5      | Found a snail-covered altar of Cheibriados.
  4373 | D:5      | Found a shimmering blue altar of Sif Muna.
  4606 | D:5      | Reached skill level 6 in Axes
  4805 | D:5      | Found an ornate altar of the Wu Jian Council.
  4842 | D:5      | Reached XP level 8. HP: 38/48 MP: 9/11
  5211 | D:6      | Reached skill level 7 in Axes
  5864 | D:6      | Reached skill level 5 in Fighting
  6101 | D:6      | Found a runed translucent door.
  6102 | D:6      | Found a runed translucent door.
  6181 | D:6      | Reached skill level 8 in Axes
  6181 | D:6      | Reached XP level 9. HP: 15/54 MP: 12/12
  6507 | D:6      | Reached skill level 5 in Invocations
  6902 | D:7      | Found Eboliq's Magic Scroll Shoppe.
  6907 | D:7      | Bought a scroll of identify for 30 gold pieces
  6907 | D:7      | Bought a scroll of teleportation for 45 gold pieces
  7083 | D:7      | Found a staircase to the Ecumenical Temple.
  7218 | D:7      | Found a runed translucent door.
  7218 | D:7      | Noticed PejaSLU's ghost (novice MiBe)
  7219 | D:7      | Noticed a manticore
  7558 | D:7      | Found a sacrificial altar of Ru.
  7648 | D:7      | Killed a manticore
  7649 | D:7      | Reached skill level 9 in Axes
  7657 | D:7      | HP: 2/82 [PejaSLU's ghost (10)]
  7659 | D:7      | Mangled by PejaSLU's ghost

Illustrated notes

Levels and vault maps discovered:
D:1:      scummos_arrival_gate, layout_loops_corners,
          ebering_ecumenical_altar_box, minmay_tromino_v2
D:2:      layout_basic
D:3:      layout_loops_ring, supply_closet_lemuel, uniq_sigmund
D:4:      layout_basic, nicolae_uskayaw_suspiria, old_standard_altar,
          marbit_many_paths, okawaru_metal_pillars_1_2, nrook_mini_backslash
D:5:      layout_gridville, lemuel_round_altar, kennysheep_mini_moat,
          kennysheep_mini
D:6:      lemuel_insect_pit, layout_rooms, nicolae_ossuary_entry_ruins
D:7:      layout_loops_cross, nicolae_ru_the_path_less_chosen,
          minmay_temple_entry_glassed_door, serial_shops,
          nicolae_shop_waterfront, ebering_ghost_inner_flame, serial_park_tiny_1

Skill      XL: |  1  2  3  4  5  6  7  8  9 |
---------------+----------------------------+-----
Axes           | 2 4 5 6 8 9 |  9.0
Dodging        | 1 2 3 |  3.1
Invocations    | 3 4 5 |  5.4
Armour         | 3 4 |  4.0
Fighting       | 4 5 |  5.7

Action                   |  1- 3 |  4- 6 |  7- 9 || total
-------------------------+-------+-------+-------++-------
Melee: Hand axe          |    63 |       |       ||    63
       War axe           |    60 |   112 |   190 ||   362
Throw: Stone             |       |       |     2 ||     2
Invok: Depart the Abyss  |     1 |       |       ||     1
  Use: Potion            |       |     4 |     1 ||     5
       Scroll            |       |       |     3 ||     3
 Stab: Sleeping          |       |     6 |     1 ||     7
Armor: Leather armour    |    66 |    38 |   143 ||   247
       Skin              |       |     8 |       ||     8
Dodge: Dodged            |    88 |    69 |   141 ||   298

Table legend: (Time is in decaauts)
 A = Elapsed time spent in this place.
 B = Non-inter-level travel time spent in this place.
 C = Inter-level travel time spent in this place.
 D = Time resting spent in this place.
 E = Time spent auto-exploring this place.
 F = Levels seen in this place.
 G = Mean time per level.
                   A        B        C        D        E       F      G
               +--------+--------+--------+--------+--------+-----+--------+
         Total |   7763 |   7024 |    739 |    882 |   4702 |   8 |  970.4 |
       Dungeon |   7631 |   6892 |    739 |    882 |   4588 |   7 | 1090.1 |
         Abyss |    132 |    132 |      0 |      0 |    114 |   1 |  132.0 |
               +--------+--------+--------+--------+--------+-----+--------+

Top non-repeatable levels by time:
     D:1: 1724 daAuts
     D:5: 1520 daAuts
     D:6: 969 daAuts
     D:4: 949 daAuts
     D:3: 905 daAuts
     D:7: 856 daAuts
     D:2: 705 daAuts
 Abyss:1: 132 daAuts
